 Dungeon Crawl Stone Soup version 0.27-a0-604-g29a88b33a7 (webtiles) character file.

Game seed: 10345345456670531429

31 EnegeticOcto the Twirler (level 3, -2/24 HPs)
             Began as a Halfling Gladiator on Mar 12, 2021.
             Slain by an orc priest
             ... wielding a +0 flail
              (7 damage)
             ... on level 3 of the Dungeon.
             The game lasted 00:02:03 (494 turns).

EnegeticOcto the Twirler (Halfling Gladiator)        Turns: 494, Time: 00:02:03

Health: -2/24      AC:  5    Str: 21    XL:     3   Next: 40%
Magic:  3/3        EV: 15    Int:  7    God:
Gold:   43         SH:  0    Dex: 15    Spells: 2/2 levels left

rFire    . . .     SeeInvis .   a - +0 quarterstaff
rCold    . . .     Faith    .   (shield currently unavailable)
rNeg     . . .     Spirit   .   b - +0 leather armour
rPois    .         Reflect  .   c - +0 helmet
rElec    .         Harm     .   (no cloak)
rCorr    .         Rampage  .   (no gloves)
Will     .....     Rnd*Rage +   j - +0 pair of boots
Stlth    +.........             (no amulet)
HPRegen  0.08/turn              f - +6 ring of strength
MPRegen  0.08/turn              (no ring)

@: mighty, flying
A: small, berserk 1, mutation resistance 1, sturdy frame 1
a: no special abilities


You were on level 3 of the Dungeon.
You visited 1 branch of the dungeon, and saw 3 of its levels.

You collected 43 gold pieces.

Inventory:

Hand Weapons
 a - a +0 quarterstaff (weapon)
Missiles
 d - 3 throwing nets (quivered) {!f}
Armour
 b - a +0 leather armour (worn)
 c - a +0 helmet (worn)
 j - a +0 pair of boots (worn)
   (You found it on level 2 of the Dungeon)
Jewellery
 f - a +6 ring of strength (right hand)
   (You found it on level 1 of the Dungeon)
Scrolls
 e - a scroll of fear {unknown}
 h - 5 scrolls of identify {unknown}
 i - a scroll of enchant armour {unknown}
 n - a scroll of teleportation {unknown}
 o - a scroll of amnesia {unknown}
 p - a scroll of random uselessness {unknown}
Potions
 g - a potion of might {@q3 !q}
 l - a potion of attraction {unknown}
 m - a potion of mutation


   Skills:
 - Level 1.7 Fighting
 + Level 3.5 Staves
 - Level 2.0 Throwing
 - Level 3.2 Dodging


You had 2 spell levels left.
You didn't know any spells.
Your spell library was empty.

Dungeon Overview and Level Annotations

Branches:
Dungeon (3/15)

Altars:
Cheibriados
Dithmenos
Kikubaaqudgha
Uskayaw
Xom
Zin


Innate Abilities, Weirdness & Mutations

You are small and have problems with some larger weapons.
You are somewhat resistant to further mutation.
You tend to lose your temper in combat.
Your movements are slightly less encumbered by armour. (ER -2)


Message History

You hit the hobgoblin.
You kill the hobgoblin!
No target in view!
No target in view!
No target in view!
No target in view!
No target in view!
No target in view!
No target in view!
(D) Dungeon
Where to? (Enter - D:2, ? - help)
There is a stone staircase leading down here.
You climb downwards.
An ooze and a hobgoblin come into view.
Found a scroll labelled GACUIK NIAMU, a war axe and 2 gold pieces.
There is a stone staircase leading up here.
The helpless ooze fails to defend itself.
You sock the ooze!
The ooze is heavily wounded.
The ooze barely misses you.
You sock the ooze!
You kill the ooze!
The hobgoblin misses you.
You hit the hobgoblin.
You kill the hobgoblin!
No target in view!
No target in view!
No target in view!
No target in view!
No target in view!
No target in view!
No target in view!
A quokka comes into view.
Found 14 stones and 13 sling bullets.
You see here a scroll labelled GACUIK NIAMU.
p - a scroll labelled GACUIK NIAMU An orc comes into view.
Found a ring mail.
Found an escape hatch in the floor.
The quokka closely misses you.
You sock the quokka!
You kill the quokka!
An orc priest comes into view. It is wielding a +0 flail.
The orc shouts!
The orc priest shouts!
An orc comes into view.
An orc wizard comes into view. It is wielding a +0 dagger.
The orc wizard shouts!
The orc shouts!
An orc comes into view. It is wielding a +0 hand axe.
The orc shouts!
Found 6 boomerangs and 16 gold pieces.
You hit the orc.
The orc is heavily wounded.
The orc completely misses you.
You hit the orc but do no damage.
The orc is heavily wounded.
The orc barely misses you.
You barely miss the orc.
The orc is heavily wounded.
The orc wizard points at itself and mumbles some strange words.
The orc wizard flickers and vanishes!
Deactivating autopickup; reactivate with Ctrl-A.
You hit the orc priest but do no damage.
The orc priest misses you.
You barely miss the orc.
The orc is heavily wounded.
The orc priest hits you with a +0 flail!
The orc hits you but does no damage. x2; The orc barely misses you.
You are too injured to fight recklessly!
You are too injured to fight recklessly!
You are too injured to fight recklessly!
You hit the orc priest but do no damage.
The orc barely misses you. The orc priest barely misses you.
The orc closely misses you. The orc misses you.
The orc hits you but does no damage.
You barely miss the orc priest. Something hits you but does no damage.
The orc priest hits you with a +0 flail.
The orc closely misses you. The orc misses you.
The orc hits you but does no damage. Something hits you but does no damage.
You thump the orc priest!
The orc priest is severely wounded.
The orc hits you but does no damage. The orc priest closely misses you.
The orc hits you but does no damage. Something barely misses you.
It was a potion of might.
You feel very mighty all of a sudden. The orc completely misses you.
The orc priest hits you with a +0 flail.
* * * LOW HITPOINT WARNING * * *
The orc closely misses you. Something hits you but does no damage.
The orc hits you but does no damage.
It was a potion of mutation.
You feel extremely strange.
You feel less encumbered by your armour.
You feel a little pissed off. The orc completely misses you.
The orc priest closely misses you. The orc misses you.
Something hits you but does no damage.
It was a potion of flight.
You feel very buoyant.
You fly up into the air.
The orc closely misses you. x2; The orc hits you.
* * * LOW HITPOINT WARNING * * *
Something hits you but does no damage.
The orc priest hits you with a +0 flail!
You die...

.......#### #....
.)........## ......
...........####......
..................[..
......†.........(....
.......<........(....
.#.##................
#........†.......
#.......o@....>..
......#..ooo......
#.###..............
#. ....$........... #
.................
.................
.............##.
...............
.$..(##......##


You could see an orc priest and 3 orcs.

Vanquished Creatures
  An ooze (D:3)
  A worm (D:2)
  A dart slug (D:1)
  2 leopard geckos
  A giant cockroach (D:2)
  A goblin (D:2)
  5 hobgoblins
  A quokka (D:3)
  3 bats (D:2)
  A frilled lizard (D:2)
  A kobold (D:1)
  2 rats
20 creatures vanquished.

Notes
Turn   | Place    | Note
-------+----------+-------------------------------------------
     0 | D:1      | EnegeticOcto the Halfling Gladiator began the quest for the
                  | Orb.
     0 | D:1      | Reached XP level 1. HP: 14/14 MP: 1/1
   143 | D:1      | Reached XP level 2. HP: 6/19 MP: 2/2
   178 | D:2      | Reached skill level 3 in Staves
   369 | D:2      | Reached XP level 3. HP: 20/24 MP: 3/3
   391 | D:2      | Found a glowing silver altar of Zin.
   391 | D:2      | Found a hide-covered altar of Uskayaw.
   401 | D:2      | Found a snail-covered altar of Cheibriados.
   402 | D:2      | Found a shadowy altar of Dithmenos.
   402 | D:2      | Found a shimmering altar of Xom.
   407 | D:2      | Found an ancient bone altar of Kikubaaqudgha.
   493 | D:3      | Gained mutation: Your movements are slightly less
                  | encumbered by armour. (ER -2) [potion of mutation]
   493 | D:3      | Gained mutation: You tend to lose your temper in combat.
                  | [potion of mutation]
   494 | D:3      | Slain by an orc priest

Illustrated notes

Levels and vault maps discovered:
D:1:      minmay_arrival_checkered_box, layout_basic, amethyst_killhole
D:2:      layout_basic, minitemple, nemelex_spade_bored_becter
D:3:      layout_rooms, grunt_temple_overflow_lords_of_destruction

Skill      XL: |  1  2 |
---------------+-------+-----
Staves         | 3 |  3.5
Fighting       | |  1.7
Throwing       | |  2.0
Dodging        | |  3.2

Action                   || total
-------------------------++-------
Melee: Quarterstaff      ||    51
  Use: Potion            ||     3
 Stab: Sleeping          ||     1
Armor: Leather armour    ||    18
Dodge: Dodged            ||    51

Table legend: (Time is in decaauts)
 A = Elapsed time spent in this place.
 B = Non-inter-level travel time spent in this place.
 C = Inter-level travel time spent in this place.
 D = Time resting spent in this place.
 E = Time spent auto-exploring this place.
 F = Levels seen in this place.
 G = Mean time per level.
                   A        B        C        D        E       F      G
               +--------+--------+--------+--------+--------+-----+--------+
         Total |    500 |    496 |      4 |      0 |      0 |   3 |  166.7 |
       Dungeon |    500 |    496 |      4 |      0 |      0 |   3 |  166.7 |
               +--------+--------+--------+--------+--------+-----+--------+

Top non-repeatable levels by time:
     D:2: 306 daAuts
     D:1: 167 daAuts
     D:3: 26 daAuts
